AoeStats
← vvc0

Arena

507753266Analyzed
3v3 RM · 11d ago on Sep 19, 2026· 31m 55s· 6 players
Game mode
Random Map
Map size
Normal (6 player)
Population
200
Speed
Normal
Resources
Standard
Victory
Conquest
Starting age
Dark Age
Ending age
Imperial Age
RankedLock teamsTeams togetherTeam positionsShared explorationLock speedFull tech treeHidden civsTurbo modeCheats
Victory
Defeat
🇨🇳 Mongols · China
978
+13
🇨🇳 Khitans · China
934
+15
🇮🇳 Ethiopians · India
927
+15
🇭🇰 Italians · Hong Kong SAR China
981
-45
🇭🇰 Persians · Hong Kong SAR China
904
-14
🇭🇰 Japanese · Hong Kong SAR China
866
-34
0sm4ll
1:27 Loom
11:14 Feudal Age
16:50 Castle Age
14:53 Double-Bit Axe
14:56 Horse Collar
15:36 Stone Mining
18:59 Squires
18:45 Arson
19:10 Scale Mail Armor
21:12 Wheelbarrow
22:56 Chain Mail Armor
24:28 Gold Mining
25:04 Bow Saw
27:01 Heavy Plow
28:12 Hand Cart
29:54 Caravan
30:25 Royal Heirs
32:17 Forging
宝宝巴士
8:48 Feudal Age
14:12 Castle Age
14:34 Loom
24:21 Horse Collar
24:48 Double-Bit Axe
28:47 Imperial Age
26:53 Stone Mining
26:55 Gold Mining
28:29 Bow Saw
29:11 Wheelbarrow
29:44 Ballistics
29:35 Masonry
30:36 Scale Barding Armor
31:09 Gold Shaft Mining
31:19 Stone Shaft Mining
31:27 Bloodlines
31:47 Parthian Tactics
31:28 Thumb Ring
30:45 Elite Mangudai
32:24 Conscription
32:06 Husbandry
32:13 Padded Archer Armor
32:04 Fletching
Echo
10:23 Feudal Age
14:20 Castle Age
18:45 Double-Bit Axe
21:28 Bow Saw
21:26 Domestication
23:46 Wheelbarrow
22:57 Loom
23:21 Pastoralism
23:14 Town Watch
23:15 Loom
25:11 Stone Mining
25:11 Gold Mining
25:42 Forging
26:01 Squires
26:09 Thumb Ring
27:08 Iron Casting
27:28 Arson
27:05 Heavy Cavalry Archer
31:39 Fletching
31:49 Padded Archer Armor
31:56 Scale Barding Armor
raincc11
9:13 Loom
10:59 Feudal Age
18:07 Castle Age
17:33 Double-Bit Axe
17:31 Horse Collar
17:51 Fletching
18:12 Gold Mining
18:18 Stone Mining
20:58 Town Watch
29:54 Thumb Ring
29:10 Crossbowman
30:24 Bodkin Arrow
30:35 Scale Barding Armor
30:41 Forging
30:44 Elite Skirmisher
vvc0
4:54 Loom
7:52 Loom
10:56 Feudal Age
12:16 Loom
12:24 Double-Bit Axe
12:22 Horse Collar
14:35 Wheelbarrow
17:08 Scale Mail Armor
17:18 Forging
20:31 Castle Age
18:58 Town Watch
19:11 Gold Mining
19:11 Stone Mining
20:27 Light Cavalry
21:17 Bloodlines
26:34 Hand Cart
28:04 Bow Saw
29:12 Gambesons
30:14 Stone Mining
31:57 Hand Cart
32:17 Scale Barding Armor
32:22 Forging
32:27 Chain Mail Armor
michaelboy
1:13 Loom
12:51 Feudal Age
14:40 Wheelbarrow
13:57 Double-Bit Axe
14:19 Horse Collar
22:27 Castle Age
20:29 Man-at-Arms
21:52 Stone Mining
21:55 Gold Mining
22:10 Scale Mail Armor
24:10 Gold Shaft Mining
23:55 Bow Saw
23:54 Heavy Plow
24:25 Fletching
25:48 Elite Skirmisher
27:11 Padded Archer Armor
26:41 Pikeman
27:10 Gambesons
28:21 Chain Mail Armor
Connection lost

Rejoining the realm…

Still unreachable

The connection could not be restored.

Session expired

The server has moved on; the page needs a fresh start.